Dernière mise à jour: 2026-03-20 08:29:49
% Time on Ice - SASKATOON DUCKS
Lines # - Real PCT - Wanted PCT - Time Play
Normal Forward
1 - 34% - 40% - 18:06
2 - 30% - 33% - 16:10
3 - 21% - 20% - 11:13
4 - 15% - 7% - 8:08
Normal Defense
1 - 34% - 40% - 18:29
2 - 30% - 36% - 16:04
3 - 30% - 16% - 15:52
4 - 6% - 8% - 3:12
PP Forward
1 - 40% - 55% - 0:48
2 - 60% - 45% - 1:11
PP Defense
1 - 60% - 55% - 1:11
2 - 40% - 45% - 0:48
PK Forward
1 - 55% - 55% - 2:11
2 - 45% - 45% - 1:47
PK Defense
1 - 59% - 55% - 2:20
2 - 41% - 45% - 1:38
PK3 Forward
1 - 0% - 55%
2 - 0% - 45%
PK3 Defense
1 - 0% - 55%
2 - 0% - 45%
44 Forward
1 - 0% - 55%
2 - 0% - 45%
44 Defense
1 - 0% - 55%
2 - 0% - 45%
Last Minute Offensive  - 0:00
Last Minute Defensive  - 0:26
Total
Forward - 60:00
Defense - 60:00
% Time on Ice - COLORADO GLACIERCATS
Lines # - Real PCT - Wanted PCT - Time Play
Normal Forward
1 - 33% - 34% - 17:38
2 - 30% - 32% - 16:03
3 - 31% - 32% - 16:49
4 - 6% - 2% - 3:07
Normal Defense
1 - 38% - 37% - 20:15
2 - 34% - 37% - 18:16
3 - 28% - 26% - 15:06
4 - 0% - 0% - 0:00
PP Forward
1 - 46% - 60% - 1:49
2 - 54% - 40% - 2:09
PP Defense
1 - 52% - 60% - 2:04
2 - 48% - 40% - 1:54
PK Forward
1 - 72% - 50% - 1:26
2 - 28% - 50% - 0:33
PK Defense
1 - 31% - 50% - 0:37
2 - 69% - 50% - 1:22
PK3 Forward
1 - 0% - 50%
2 - 0% - 50%
PK3 Defense
1 - 0% - 50%
2 - 0% - 50%
44 Forward
1 - 0% - 50%
2 - 0% - 50%
44 Defense
1 - 0% - 50%
2 - 0% - 50%
Last Minute Offensive  - 0:26
Last Minute Defensive  - 0:00
Total
Forward - 60:00
Defense - 60:00
Play-by-Play 1st period 0:01 of 1st period - Tomas Hertl wins face-off versus Anze Kopitar in neutral zone. 0:01 of 1st period - Bryan Rust is hit by Justin Brazeau and loses puck. 0:10 of 1st period - Shot by Anze Kopitar. 0:10 of 1st period - Deflect By Jake Guentzel. 0:10 of 1st period - Stopped by Andrei Vasilevskiy without a rebound. 0:11 of 1st period - Jordan Staal wins face-off versus Sidney Crosby in COLORADO GLACIERCATS zone. 0:29 of 1st period - Shot by Sidney Crosby. 0:29 of 1st period - Stopped by Karel Vejmelka with a rebound. 0:31 of 1st period - Shot by Sidney Crosby. 0:31 of 1st period - Shot Blocked by Andrew Peeke. 0:47 of 1st period - Shot by Mats Zuccarello. 0:47 of 1st period - Stopped by Karel Vejmelka without a rebound. 0:48 of 1st period - Alexander Wennberg wins face-off versus Anthony Beauvillier in SASKATOON DUCKS zone. 1:04 of 1st period - Shot by Jake Sanderson. 1:04 of 1st period - Shot Misses the Net. 1:06 of 1st period - Shot by Max Domi. 1:06 of 1st period - Shot Misses the Net. 1:08 of 1st period - Shot by Jake Sanderson. 1:08 of 1st period - Stopped by Andrei Vasilevskiy without a rebound. 1:09 of 1st period - Anze Kopitar wins face-off versus Leon Draisaitl in COLORADO GLACIERCATS zone. 1:36 of 1st period - Shot by Tomas Hertl. 1:36 of 1st period - Deflect By Bryan Rust. 1:36 of 1st period - Stopped by Karel Vejmelka without a rebound. 1:37 of 1st period - Alexander Wennberg wins face-off versus Ross Colton in SASKATOON DUCKS zone. 1:52 of 1st period - Shot by Mathieu Joseph. 1:52 of 1st period - Stopped by Andrei Vasilevskiy with a rebound. 1:54 of 1st period - Shot by Mathieu Joseph. 1:54 of 1st period - Stopped by Andrei Vasilevskiy without a rebound. 1:55 of 1st period - Max Domi wins face-off versus Christian Dvorak in COLORADO GLACIERCATS zone. 2:05 of 1st period - Icing by Dylan Samberg. 2:06 of 1st period - Anze Kopitar wins face-off versus Corey Perry in COLORADO GLACIERCATS zone. 2:10 of 1st period - Jake Guentzel is hit by Rasmus Andersson. 2:24 of 1st period - Shot by Corey Perry. 2:24 of 1st period - Shot Misses the Net. 2:30 of 1st period - Shot by Rasmus Andersson. 2:30 of 1st period - Stopped by Karel Vejmelka without a rebound. 2:31 of 1st period - Leon Draisaitl wins face-off versus Jordan Staal in SASKATOON DUCKS zone. 2:34 of 1st period - Shot by Leon Draisaitl. 2:34 of 1st period - Shot Misses the Net. 2:49 of 1st period - Icing by Jake Sanderson. 2:50 of 1st period - Sidney Crosby wins face-off versus Jordan Staal in SASKATOON DUCKS zone. 3:04 of 1st period - Jake Sanderson is hit by Sidney Crosby and loses puck. 3:44 of 1st period - Icing by Andrew Peeke. 3:45 of 1st period - Alexander Wennberg wins face-off versus Anze Kopitar in SASKATOON DUCKS zone. 4:30 of 1st period - Lane Hutson is hit by Emil Martinsen Lilleberg and loses puck. 4:43 of 1st period - Shot by Anthony Beauvillier. 4:43 of 1st period - Shot Hit the Post. 4:45 of 1st period - Shot by Ryan Strome. 4:45 of 1st period - Goal by Ryan Strome - SASKATOON DUCKS : 1 - COLORADO GLACIERCATS : 0. 4:46 of 1st period - Mathieu Joseph wins face-off versus Leon Draisaitl in neutral zone. 4:48 of 1st period - Off-side. 4:49 of 1st period - Leon Draisaitl wins face-off versus Jordan Staal in neutral zone. 5:17 of 1st period - Shot by Cole Perfetti. 5:17 of 1st period - Shot Misses the Net. 5:29 of 1st period - Shot by Cole Perfetti. 5:29 of 1st period - Shot Misses the Net. 5:35 of 1st period - Shot by Bryan Rust. 5:35 of 1st period - Stopped by Karel Vejmelka without a rebound. 5:36 of 1st period - Max Domi wins face-off versus Sidney Crosby in SASKATOON DUCKS zone. 6:23 of 1st period - Shot by Tage Thompson. 6:23 of 1st period - Stopped by Karel Vejmelka without a rebound. 6:24 of 1st period - Alexander Wennberg wins face-off versus Jake Guentzel in SASKATOON DUCKS zone. 8:29 of 1st period - Bryan Rust is hit by Jordan Staal and loses puck. 8:36 of 1st period - Shot by Jordan Staal. 8:36 of 1st period - Shot Misses the Net. 8:38 of 1st period - Shot by Jordan Staal. 8:38 of 1st period - Shot Blocked by Rasmus Andersson. 9:10 of 1st period - Minor Penalty to Jordan Staal for Roughing. 9:11 of 1st period - Max Domi wins face-off versus Corey Perry in SASKATOON DUCKS zone. 11:01 of 1st period - Shot by Tage Thompson. 11:01 of 1st period - Stopped by Karel Vejmelka without a rebound. 11:02 of 1st period - Anze Kopitar wins face-off versus Sidney Crosby in SASKATOON DUCKS zone. 11:59 of 1st period - Icing by Jake Sanderson. 12:00 of 1st period - Jordan Staal wins face-off versus Christian Dvorak in SASKATOON DUCKS zone. 12:21 of 1st period - Off-side. 12:22 of 1st period - Anze Kopitar wins face-off versus Sidney Crosby in neutral zone. 13:03 of 1st period - Icing by Lane Hutson. 13:04 of 1st period - Max Domi wins face-off versus Sidney Crosby in COLORADO GLACIERCATS zone. 13:30 of 1st period - Icing by Emil Martinsen Lilleberg. 13:31 of 1st period - Max Domi wins face-off versus Leon Draisaitl in SASKATOON DUCKS zone. 13:57 of 1st period - Icing by Bryan Rust. 13:58 of 1st period - Anze Kopitar wins face-off versus Leon Draisaitl in COLORADO GLACIERCATS zone. 14:26 of 1st period - Shot by Anze Kopitar. 14:26 of 1st period - Stopped by Andrei Vasilevskiy without a rebound. 14:27 of 1st period - Sidney Crosby wins face-off versus Jordan Staal in COLORADO GLACIERCATS zone. 14:42 of 1st period - Shot by Devon Toews. 14:42 of 1st period - Stopped by Karel Vejmelka with a rebound. 16:25 of 1st period - Shot by Anze Kopitar. 16:25 of 1st period - Stopped by Andrei Vasilevskiy without a rebound. 16:26 of 1st period - Max Domi wins face-off versus Leon Draisaitl in COLORADO GLACIERCATS zone. 16:26 of 1st period - Max Domi is hit by Dylan Samberg. 16:30 of 1st period - Shot by Anthony Beauvillier. 16:30 of 1st period - Stopped by Andrei Vasilevskiy without a rebound. 16:31 of 1st period - Leon Draisaitl wins face-off versus Max Domi in COLORADO GLACIERCATS zone. 16:31 of 1st period - Leon Draisaitl is hit by Max Domi. 17:11 of 1st period - Off-side. 17:12 of 1st period - Justin Brazeau wins face-off versus Sidney Crosby in neutral zone. 17:12 of 1st period - Justin Brazeau is hit by Mats Zuccarello. 17:15 of 1st period - Anze Kopitar is hit by Devon Toews and loses puck. 17:33 of 1st period - Jake Guentzel is hit by Devon Toews. 17:52 of 1st period - Anze Kopitar is hit by Devon Toews and loses puck. 18:40 of 1st period - Icing by Derek Forbort. 18:41 of 1st period - Jordan Staal wins face-off versus Leon Draisaitl in SASKATOON DUCKS zone. 19:25 of 1st period - Bryan Rust is hit by Emil Martinsen Lilleberg and loses puck. Goals for this period are 1 for SASKATOON DUCKS vs 0 for COLORADO GLACIERCATS. Shots for this period are 8 for SASKATOON DUCKS vs 8 for COLORADO GLACIERCATS. 2nd period 0:01 of 2nd period - Anze Kopitar wins face-off versus A